 Dungeon Crawl Stone Soup version 0.24-a0-278-gefa197325e (webtiles) character file.

Game seed: 4686360263329760004

459 Redear the Sneak (level 6, -3/48 HPs)
             Began as a Vampire Fighter on Apr 29, 2019.
             Killed by nerve-wracking pain
             ... invoked by an orc priest
              (13 damage)
             ... on level 4 of the Dungeon.
             The game lasted 00:09:08 (4035 turns).

Redear the Sneak (Vampire Fighter)                  Turns: 4035, Time: 00:09:09

Health: -3/48      AC: 10    Str: 16 (17) XL:     6   Next: 78%
Magic:  6/6        EV: 16    Int: 10 (11) God:
Gold:   236        SH:  4    Dex: 18      Spells: 5/5 levels left

rFire    . . .     SeeInvis +   q - +2 dagger (venom)
rCold    . . .     Gourm    .   (no shield)
rNeg     . . .     Faith    .   b - +0 scale mail
rPois    .         Spirit   .   r - +0 helmet
rElec    .         Reflect  .   (no cloak)
rCorr    .         Harm     .   e - +0 pair of gloves
MR       .....                  t - +0 pair of boots
Stlth    +++.......             (no amulet)
HPRegen  0.36/turn              (no ring)
MPRegen  0.10/turn              (no ring)

@: agile, regenerating quickly
A: fangs 3, large bone plates 1, see invisible, unbreathing
a: no special abilities


You were on level 4 of the Dungeon.
You were full.

You visited 1 branch of the dungeon, and saw 4 of its levels.

You collected 236 gold pieces.

Inventory:

Hand Weapons
 a - a +0 long sword
 q - a +2 dagger of venom (weapon)
 s - a +0 dagger of speed
Armour
 b - a +0 scale mail (worn)
 e - a +0 pair of gloves (worn)
 r - a +0 helmet (worn)
 t - a +0 pair of boots (worn)
Jewellery
 p - a +5 ring of intelligence {unknown}
Scrolls
 c - a scroll of fog {unknown}
 f - a scroll of blinking {unknown}
 h - 5 scrolls of enchant armour {unknown}
 i - a scroll of noise {unknown}
 k - 5 scrolls of identify {unknown}
 l - 2 scrolls of fear {unknown}
 m - a scroll of magic mapping {unknown}
 n - 3 scrolls of amnesia {unknown}
 u - 3 scrolls of remove curse {unknown}
 v - a scroll of enchant weapon {unknown}
 x - a scroll of teleportation {unknown}
Potions
 d - a potion of might {Str+5 DMG+1d10 | @q3}
 g - a potion of degeneration {!q}
 j - 2 potions of lignification
 o - a potion of mutation {!q}
 z - 15 potions of blood {@q9@q1}
 A - a potion of resistance {unknown}
 B - a potion of ambrosia {unknown}
 C - a potion of curing {unknown}


   Skills:
 + Level 3.9 Fighting
 + Level 3.5 Long Blades
 + Level 3.4 Armour
 + Level 3.0 Dodging
 + Level 4.2 Stealth
   Level 3.3 Shields


You had 5 spell levels left.
You didn't know any spells.
Your spell library was empty.

Dungeon Overview and Level Annotations

Branches:
Dungeon (4/15)
 Temple: D:4-7

Altars:
Ashenzari
Elyvilon
Hepliaklqana
Nemelex Xobeh
Uskayaw
The Shining One


Innate Abilities, Weirdness & Mutations

Your natural rate of healing is unusually fast.
You have razor-sharp teeth.
You have supernaturally acute eyesight. (SInv)
You can survive without breathing.
You are partially covered in large bone plates. (SH +4)


Message History

Okay, then.
It was a potion of agility.
You feel agile all of a sudden.
The orc wizard gestures at you while chanting.
The magic dart hits you.
* * * LOW HITPOINT WARNING * * *
You take 3 damage, and have 9/48 hp.
You hit the orc wizard but do no damage.
The orc wizard looks as sick as possible!
You bite the orc wizard.
You kill the orc wizard!
You feel your dexterity returning.
You hit the orc priest.
The orc priest is moderately wounded.
The orc priest barely misses you.
You hit the orc priest.
The orc priest is poisoned.
The orc priest is moderately wounded.
The orc priest invokes the aid of Beogh against you.
Pain shoots through your body!
You die...

#.......# #. ###.#...#
#. #########+##.## #.
#............# #.
#...........## #.
#...........# #.
#...........# ##
#...........# .
#@..(.......#
....###o..........#
..................####
......#..8..#........###
......##?..##..#####....
###.. ######..# #..##
#.. .# #..## #. #.... #.
#..##


You could see an orc priest.

Vanquished Creatures
  3 scorpions (D:4)
  3 orc wizards (D:4)
  Natasha (D:3)
  5 adders
  A gnoll (D:1)
  2 shadow imps
  2 worms
  2 dart slugs
  A leopard gecko (D:4)
  8 orcs
  A ball python (D:1)
  8 bats
  6 giant cockroaches
  5 goblins
  8 hobgoblins
  12 jackals
  3 quokkas (D:3)
  8 frilled lizards
  A jackal zombie (D:4)
  14 kobolds
  12 rats
106 creatures vanquished.

Vanquished Creatures (others)
  2 orc wizards (D:4)
2 creatures vanquished.

Grand Total: 108 creatures vanquished

Notes
Turn   | Place    | Note
-------+----------+-------------------------------------------
     0 | D:1      | Redear the Vampire Fighter began the quest for the Orb.
     0 | D:1      | Reached XP level 1. HP: 17/17 MP: 1/1
   361 | D:2      | Reached skill level 1 in Stealth
   361 | D:2      | Reached XP level 2. HP: 22/23 MP: 2/2
   464 | D:2      | Found a shattered altar of Ashenzari.
   748 | D:2      | Reached skill level 1 in Dodging
   879 | D:2      | Reached XP level 3. HP: 28/28 MP: 3/3
  1006 | D:2      | Reached skill level 3 in Shields
  1086 | D:2      | Found a hazy altar of Hepliaklqana.
  1091 | D:2      | Found a sparkling altar of Nemelex Xobeh.
  1094 | D:2      | Found a glowing golden altar of the Shining One.
  1097 | D:2      | Found a white marble altar of Elyvilon.
  1233 | D:1      | Reached skill level 3 in Fighting
  1264 | D:1      | Reached skill level 2 in Stealth
  1588 | D:1      | Reached XP level 4. HP: 35/35 MP: 4/4
  2700 | D:3      | Reached XP level 5. HP: 41/41 MP: 5/5
  2773 | D:3      | Found a hide-covered altar of Uskayaw.
  2798 | D:3      | Noticed Natasha
  3199 | D:3      | Killed Natasha
  3199 | D:3      | Reached skill level 3 in Armour
  3199 | D:3      | Reached skill level 2 in Dodging
  3704 | D:4      | Reached skill level 3 in Long Blades
  3704 | D:4      | Reached skill level 3 in Stealth
  3738 | D:4      | Reached XP level 6. HP: 36/47 MP: 6/6
  3876 | D:4      | Gained mutation: You are partially covered in large bone
                  | plates. (SH +4) [potion of mutation]
  3891 | D:4      | Reached skill level 4 in Stealth
  4012 | D:4      | Reached skill level 3 in Dodging
  4035 | D:4      | Killed from afar by an orc priest

Levels and vault maps discovered:
D:1:      lightli_arrival_statuegarden, layout_basic
D:2:      layout_basic, old_standard_altar, grunt_temple_overflow_cloverleaf,
          minmay_stone_trees_small
D:3:      layout_loops_ring, lemuel_coloured_pillars_altar,
          minmay_fractal_squares_gapless_5, uniq_natasha
D:4:      layout_basic, gammafunk_ghost_cemetery, mrwooster_statue_mirror,
          minmay_diced_spiral, uniq_crazy_yiuf_cottage

Skill      XL: |  1  2  3  4  5  6 |
---------------+-------------------+-----
Stealth        | 1 2 3 4 |  4.2
Dodging        | 1 2 3 |  3.0
Shields        | 3 |  3.3
Fighting       | 3 |  3.9
Armour         | 3 |  3.4
Long Blades    | 3 |  3.5

Action                   |  1- 3 |  4- 6 || total
-------------------------+-------+-------++-------
Melee: Long sword        |   120 |   144 ||   264
       Bite              |    13 |    28 ||    41
       Dagger            |       |    88 ||    88
  Use: Potion            |     8 |    16 ||    24
  Eat: Corpse            |       |     1 ||     1
Armor: Scale mail        |    57 |    97 ||   154
       Skin              |       |    22 ||    22
Dodge: Dodged            |    75 |   126 ||   201
Block: Other             |       |     2 ||     2
       Rpst.: Long sword |    20 |    33 ||    53

Table legend:
 A = Non-vault XP
 B = Vault XP
 C = Vault XP percentage of total XP
 D = Non-vault monster count
 E = Vault monster count
 F = Vault count percentage of total count
                 A         B        C        D         E       F
            +---------+---------+-------+---------+---------+-------
      Total |     597 |      60 |   9.1 |      98 |       9 |   8.4
            +---------+---------+-------+---------+---------+-------
        D:1 |      61 |       0 |   0.0 |      29 |       0 |   0.0
        D:2 |      56 |       0 |   0.0 |      24 |       0 |   0.0
        D:3 |      83 |      52 |  38.5 |      29 |       6 |  17.1
        D:4 |     397 |       8 |   2.0 |      16 |       3 |  15.8
            +---------+---------+-------+---------+---------+-------
